[Event "44th Chess Olympiad Women 2022"]
[Site "Chennai"]
[Date "2022.07.29"]
[Round "1.4"]
[White "Khalil, Manar"]
[Black "Rudzinska, Michalina"]
[Result "0-1"]
[WhiteElo "1831"]
[BlackElo "2315"]
[Annotator "ChessBase"]
[PlyCount "66"]
[EventDate "2022.??.??"]
[TimeControl "60"]

1. e4 c6 2. d4 d5 3. exd5 cxd5 4. Bd3 Nf6 5. h3 Nc6 6. Nf3 g6 7. O-O Bf5 8. c3 Qc7 9. Re1 e6 10. Na3 a6 11. Nc2 Bd6 12. Bh6 Bxd3 13.
Qxd3 Nh5 14. Ne3 Ne7 15. Ng4 Nf5 16. Nfe5 f6 17. Nf3 Nxh6 18. Nxh6 Nf4 19. Qd2 O-O-O 20. Ng4 h5 21. Nge5 g5 22. Nd3 g4 23. Nh4 gxh3 24. g3 Rdg8 25. Kh2 Ng2 26. Nxg2 hxg2 27. Qe3 h4 28. Kxg2 hxg3 29. Qxe6+ Kb8 30. Kf3 gxf2 31. Nxf2 Bg3 32. Qf5 Bxf2 33. Kxf2 Qh2+ 0-1

[Event "44th Chess Olympiad Women 2022"]
[Site "Chennai"]
[Date "2022.07.29"]
[Round "1.4"]
[White "Malicka, Maria"]
[Black "Mahmoud, Roula"]
[Result "1-0"]
[WhiteElo "2393"]
[BlackElo "1765"]
[Annotator "TA"]
[PlyCount "139"]
[EventDate "2022.??.??"]
[TimeControl "60"]

1. e4 c5 2. Nf3 e6 3. d4 cxd4 4. Nxd4 Nf6 5. Nc3 d6 6. g4 h6 7. Rg1 Be7 8. h4 Nh7 {[%emt 0:15:58]
Against g5. B81: Sicilian Scheveningen: Keres Attack.} ({Black should play} 
8... d5 $14) 9. Nf3 {[%emt 0:05:27] White is more active.} (9. Bb5+ $6 Bd7 $11)
9... Nc6 10. g5 hxg5 {[%emt 0:07:16] White
is better.} 11. hxg5 (11. Nxg5 $6 Nf6 $11) 11... Nf8 12. Be3 {[%emt 0:01:08] [#]} Bd7 $146 ({Predecessor:} 
12... a6 13. Qd2 b5 14. O-O-O Bb7 15. Nd4 Qc7 16. f4 Na5 17. a3 Nc4 18. Bxc4
Qxc4 {1-0 (53) Karttunen,M (2477)-Atlas,V (2440) Budva 2019}) 13. Qe2 Rc8 14. O-O-O Qa5 15. a3 {[%emt 0:06:23] Prevents Nb4.} (15. Kb1 $16) 15... a6 (
15... Ne5 $14) 16. Nd2 $1 $16 {[%emt 0:07:12] Black must now prevent Nc4.} b5 {
[%emt 0:04:48] Against Nc4} (16... Ne5 $16) 17. f4 $18 b4 (17... Ng6 $16 {was necessary.}) 18. Nc4 Qc7 19. axb4 Nxb4 20. Bd4 Ng6 21. Qd2 (21. Bxg7 $18
Nxf4 22. Qf2) 21... d5 22. exd5 (22. Bxg7 $6
dxc4 23. Bxh8 Nxh8 $11) 22... exd5 23. Nb6 (
23. Bxg7 Rh7 24. Bf6 (24. Be5 Nxe5 25. Nxd5 Nxd5 $11) 24... dxc4 $15) 23...
Nxf4 {[%emt 0:06:14] [#]} 24. Nxc8 (24. Re1 $1 $18 {is more
deadly.} Ne6 25. g6 (25. Nxc8 Bxc8 26. g6 f6 $16) (25. Nbxd5 Qa5 $15)) 24...
Bxc8 $16 {[%emt 0:00:06] [#]} 25. Qe3 (25. Bxg7 Rh2 26. Qxh2 (
26. Bb5+ $2 axb5 27. Nxb5 Nfd3+ 28. Kb1 Qa5 $19) 26... Nfd3+ 27. Bxd3 Qxh2 $14)
(25. Re1 $1 $16 {Strongly threatening Be5.} Rh2 26. Bg2 (26. Qxh2 Nfd3+ 27.
Bxd3 Qxh2 $11) (26. Rxe7+ Kxe7 27. Qe3+ Kd7 $11) 26... Nxg2 27. Rxg2 Rxg2 28.
Qxg2) 25... Rh2 $11 26. Rd2 (26. Bxg7 $2
Rxc2+ 27. Kb1 Bf5 $19) 26... Rxd2 27. Kxd2 {[%emt 0:02:39]
Be5 is the strong threat. Really sharp!} ({Much worse is} 27. Qxd2 Bf5 28. Qe3
(28. Bxg7 Ne6 $17) 28... Ne6 $17) 27... Ne6 $1 {[%emt 0:01:48] Pair of Knights!
} 28. g6 Qh2+ (28... f5 $11 {remains equal.})
29. Be2 Nc6 {[%emt 0:02:16] Prevents Be5.} (29... fxg6 $14 30.
Be5 (30. Rxg6 Nxd4 31. Qxd4 Bf5 $11) 30... Qh4) 30. gxf7+ $18 Kxf7 31. Qf2+ ({Better is} 31. Qf3+ $18 Kg8
32. Bf2) 31... Qxf2 $16 32. Bxf2 Bg5+ 33. Kd1 Nb4 (33... Ne7 $142
34. Bg4 Bf6) 34. Bf3 Bf6 35. Nxd5 Nxd5 36. Bxd5 Bxb2 37. c4 Be5 38. Bg3 Bf6 (38... Bxg3 $16 39. Rxg3 Kf6) 39. Kc2 Bd7 (39... Ke7 $142 40. Re1 Bd4) 40. Re1 Ba4+ $2 (40... Be7 41. Ra1 Bc8) 41. Kd3 $18 Bd7 42. c5 {[%emt 0:00:00] aiming for c6.} Bb5+ 43. Kc2 Bd7 44. c6 Bxc6 45. Bxe6+ ({Not} 45. Bxc6 Nd4+ 46. Kd3 Nxc6
$16) 45... Kg6 46. Be5 Bb5 47. Rg1+ Kh6 48. Bxf6 gxf6 49. Bf5 Kh5 50. Bd3 Ba4+ 51. Kd2 a5 52.
Ra1 Bd7 53. Rxa5+ Kg4 {
[%emt 0:00:00] White mates.} 54. Ke3 f5 55.
Rd5 Bc8 56. Rd4+ Kg5 57. Rf4 Bd7 58. Rf2 Bc8 59. Rg2+ Kf6 60.
Kf4 Bd7 61. Rg5 Bc8 62. Bxf5 Bb7 63. Rg6+ Kf7 64. Ke5 Bf3 65. Ra6 Be2 66. Ra7+ Kf8 67. Kf6 Bf3 68. Rc7 Bh5 69. Rc8+ Be8 70. Rb8 {[%emt 0:00:00] Weighted Error Value:
White=0.24 (precise) /Black=0.39} 1-0

[Event "44th Chess Olympiad Women 2022"]
[Site "Chennai"]
[Date "2022.07.29"]
[Round "1.5"]
[White "Berezovska, Svetlana"]
[Black "Savina, Anastasia"]
[Result "0-1"]
[WhiteElo "1781"]
[BlackElo "2377"]
[Annotator "TA"]
[PlyCount "86"]
[EventDate "2022.??.??"]
[TimeControl "60"]

1. e4 c5 2. Nf3 Nc6 3. d4 cxd4 4. Nxd4 e5 5.
Nb5 d6 6. c4 Be7 {[%emt 0:
01:17] 6...Be6 is more fashionable.} 7. Bd3 a6 {[%emt 0:03:52]
B32: Sicilian: Löwenthal and Kalashnikov Variations.} 8. N5c3 Bg5 9. Nd2 Nf6 {[%emt 0:00:00] The position
is equal.} 10. Nd5 {[%emt 0:06:27] [#]} Nxd5 $146 ({
Predecessor:} 10... O-O 11. O-O Be6 12. a3 Rc8 13. b4 Bxd5 14. exd5 Nd4 15. Bb2
Bxd2 16. Bxd4 Bf4 {0-1 (43) Rudolf,H (2308)-Sveshnikov,E (2541) Nova Gorica
2000}) 11. cxd5 Nd4 12. O-O O-O 13. Nb3 Bxc1 14. Rxc1 Nxb3 15. Qxb3 b5 16. Rc6 (16. Qb4 $14) 16... Bd7 $11 17.
Rc3 Qa5 18. a3 {[%emt 0:02:19] Prevents b4.}
Rfc8 19. Rfc1 g6 20. Rxc8+ Rxc8 21. Rxc8+ Bxc8 22. Qc3 {[%emt 0:00:15] Prevents Qe1+.} Qxc3 23. bxc3
{[%emt 0:00:04] Endgame KB-KB} Kf8 24. Kf1 Ke7 25. Ke2 Kd8 26. Ke3 Kc7 27. f4 Kb6 28. h3 f5 29. fxe5 dxe5 30. exf5 Bxf5 31. Bxf5 {
[%emt 0:00:34] [#] This costs White the game.} (31. c4 $15 bxc4 32. Bxc4) 31...
gxf5 $15 {[%emt 0:00:01] KP-KP} 32. g4 fxg4 {[%emt 0:01:07]
Black mates.} 33. hxg4 Kc5 34. Ke4 Kd6 35. g5 a5 36.
Kf5 Kxd5 37. Kf6 e4 38. Kg7 e3 39. Kxh7 e2 40. g6 e1=Q 41.
g7 Qh4+ 42. Kg6 Qg4+ 43. Kf7 Kc4 {[%emt 0:00:14] Weighted Error
Value: White=0.42/Black=0.03 (flawless)} 0-1

[Event "44th Chess Olympiad Women 2022"]
[Site "Chennai"]
[Date "2022.07.29"]
[Round "1.5"]
[White "Dubois, Martine"]
[Black "Guichard, Pauline"]
[Result "0-1"]
[WhiteElo "1782"]
[BlackElo "2379"]
[Annotator "ChessBase"]
[PlyCount "76"]
[EventDate "2022.??.??"]
[TimeControl "60"]

1. e4 e5 2. Bc4 Nf6 3. d3 Nc6 4. Nf3 h6 5. c3 d6 6. O-O g5 7. d4 Bg4 8. d5 Ne7 9. Nbd2 Bg7 10. Re1 O-O 11. Nf1 Ng6 12. Ng3 Nf4 13.
h3 Bd7 14. Nf5 Bxf5 15. exf5 Qd7 16. Bxf4 gxf4 17. Nh4 Kh8 18. Be2 Rg8 19. Bg4 Qb5 20. Qe2 Qxe2 21. Bxe2 e4 22. Bc4 Rae8 23. g3 f3 24. Rad1 h5 25. Kh2 Bh6 26. Rg1 Bg5 27. Kh1 Re5 28.
Kh2 Kh7 29. Kh1 Bxh4 30. gxh4 Rxg1+ 31. Kxg1 Rxf5 32. Kh2 Re5 33. Kg3 Nd7 34. Kf4 Nf8 35. Ke3 Ng6 36. Rd4 f5 37. Rd1 f4+ 38. Kd4 Nxh4 0-1

[Event "44th Chess Olympiad Women 2022"]
[Site "Chennai"]
[Date "2022.07.29"]
[Round "1.5"]
[White "Milliet, Sophie"]
[Black "Jose de Ribbegren, Kenia"]
[Result "1-0"]
[WhiteElo "2396"]
[BlackElo "1787"]
[Annotator "ChessBase"]
[PlyCount "51"]
[EventDate "2022.??.??"]
[TimeControl "60"]

1. e4 e6 2. d4 d5 3. e5 c5 4. c3 Nc6 5. Nf3 Qb6 6. Bd3 Bd7 7. dxc5 Bxc5 8.
O-O a5 9. Nbd2 a4 10. b4 Be7 11. b5 Nb8 12. c4 Bc5 13. Rb1 Ne7 14. h4 Ng6 15. g3 Qc7 16. Qe2 b6 17. h5 Ne7 18. Bb2 Bc8 19. cxd5 exd5 20. Nd4 Qd7 21. e6 fxe6 22. h6 O-O 23. hxg7 Rf7 24. Bxh7+ Kxg7 25. Nxe6+ Kh6 26. Qg4 1-0

[Event "44th Chess Olympiad Women 2022"]
[Site "Chennai"]
[Date "2022.07.29"]
[Round "1.5"]
[White "Navrotescu, Andreea"]
[Black "Lebel-Arias, Julia"]
[Result "1-0"]
[WhiteElo "2373"]
[BlackElo "1660"]
[Annotator "TA"]
[PlyCount "73"]
[EventDate "2022.??.??"]
[TimeControl "60"]

1. c4 g6 2. d4 Bg7 3. e4 c5 4. d5 d6 5. Nc3 Nh6 6. f3 {[%emt 0:07:40] A43: Schmid Benoni.}
Nd7 7. Be3 f6 {[%emt 0:00:38] [#]} 8. h4 $146
{[%emt 0:00:40][%cal Yh2h4,Yh4h5] White is better.} ({Predecessor:} 8. Qd2 Nf7
9. Bd3 Nde5 10. b3 Nxd3+ 11. Qxd3 O-O 12. Nge2 f5 13. O-O fxe4 14. fxe4 {
0-1 (60) Zanner,M (1394)-Bahr,A (1646) Bremen 2019}) 8... Nf7 9. Qd2 {[%emt 0:03:09] White is more active.} a6 10. h5 g5 11. Nge2 Nde5 12. Ng3 $1 Bh6 13. Be2 Bd7 14. Nf5 Bxf5 (14... Bf8
$16) 15. exf5 $18 Qd7 {[%emt 0:03:31] [#]} 16. Qc2 b6 17. g3 Qc8 18. f4 Nd7 19. Nd1 Rb8 20. a4 O-O 21.
Nf2 gxf4 22. gxf4 Kh8 23. Qe4 Qe8 (23... Rg8 {
keeps fighting.} 24. Kd2 (24. Qxe7 Qe8 $16) 24... Qc7) 24. Bd2 Rg8 25. Ng4 Nf8 26. Bc3 Qd8 27. Rg1 Rb7 28. O-O-O Nd7 29. Kb1 Nf8 30. Rg2 {[%emt 0:00:16] And now Rdg1 would win.} Nd7 31. Rdg1 {[%emt 0:00:53] Threatens to win with Qe6.} Bg7 (31... Rb8 $142 32. Nxf6 exf6 33. Rxg8+ Qxg8 34. Rxg8+ Kxg8)
32. h6 Bxh6 33. Qe6 Rxg4 34. Rxg4 Qf8 {[%emt 0:00:18] [#]} 35. Rg8+ (35. Qxe7 $142 $3 Ng5 36. Qxf8+ Bxf8 37. fxg5) 35... Qxg8 36. Rxg8+ Kxg8 37. Bh5 {
[%emt 0:00:02] Weighted Error Value: White=0.14 (very precise) / Black=0.55}
1-0

[Event "44th Chess Olympiad Women 2022"]
[Site "Chennai"]
[Date "2022.07.29"]
[Round "1.6"]
[White "Al Maamari, Wafia Darwish"]
[Black "Beydullayeva, Govhar"]
[Result "0-1"]
[WhiteElo "1841"]
[BlackElo "2390"]
[Annotator "TA"]
[PlyCount "106"]
[EventDate "2022.??.??"]
[TimeControl "60"]

1. e4 c5 2. Nf3 d6 3. d4 cxd4 4. Nxd4 Nf6 5. Nc3 Nc6 6. f4 g6 7. Nxc6 bxc6 8. e5 dxe5 9. Qxd8+ Kxd8 10. fxe5 Ng4 11. Bf4 Be6 {[%emt 0:04:44] B71: Sicilian Dragon: 6 f4.} 12.
h3 g5 13. Bxg5 Nxe5 {
[%emt 0:00:19] White is better.} 14. O-O-O+ Ke8 {[%emt 0:00:
00] [#]} 15. Ba6 $146 ({Predecessor:} 15. Bf4 Bg7 16. a3 Nc4
17. Bxc4 Bxc4 18. Rhe1 Bxc3 19. bxc3 Rg8 20. g4 Rg6 21. g5 {0-1 (64) Musienko,
A-Brodsky,Y Kiev 2001}) 15... Bg7 16. Rhe1 Rd8 17. Bf4 Rxd1+ 18. Rxd1 h5 19. Kb1 Nd7 20. Na4 Bd5 21. Bc8 Nb6 22. Nxb6 axb6 23. Bc7 b5 24. c4 bxc4 25. a4 $1 e6 26.
a5 $1 {[%emt 0:01:20] Strongly threatening a6.} Ke7 (26...
Bxg2 $2 27. a6 Ke7 28. Rd7+ Kf6 29. Bb7 Be4+ 30. Ka1 $18) 27. Bb7 Kd7 (27... Bxg2 $2 28. Bd6+ Kf6 29. a6 $18) 28. Bb6 {
[%emt 0:00:20] a6 is the strong threat.} Be5 $1 29. a6 {
[%emt 0:14:51] aiming for a7.} Bb8 30. Kc2 (
30. a7 Bxa7 31. Bxa7 Kc7 $17) 30... Rg8 31. g4 (31. a7 Bxa7 32. Bxa7 Kc7 $17) 31... hxg4 32. hxg4 ({Not} 32. a7 $2 Bxa7 $1 33. Bxa7 gxh3 $19) 32... Rxg4 33. a7 Bxa7 34. Bxa7 c3 35. bxc3 ({Much worse is} 35. Kxc3 Kc7 36. Rd4
Rg3+ 37. Rd3 Rg4 $17) (35. Bd4 $11 {keeps the balance.}) 35... Kc7 $17 36. Bxc6 Kxc6 {[%emt 0:00:14] Endgame KRB-KRB}
37. Bd4 Re4 38. Rf1 f5 39. Kd3 {[%emt 0:01:12] Inhibits Bc4+.} Rh4 40. Re1 Be4+ 41. Ke3 Kd5 {[%emt 0:30:10] And now ...Rh3+ would win.} 42. Bf6 (42. c4+ $142 Kxc4 43. Bf6) 42... Rh3+ ({Better is} 42...
f4+ 43. Kd2 Rh2+ 44. Re2 Rxe2+ 45. Kxe2 Bh1) 43. Kd2 $2 {[%emt 0:00:49] White
does not recover from this.} (43. Kf2 $17) 43... Rh2+ 44. Re2
{[%emt 0:00:00] [#]} Rh6 45. Bd4 e5 46. Be3 Ra6 {[%emt 0:00:00] Hoping for ...f4.} 47. Ke1
$2 (47. Bf2 {might work better.}) 47... Bd3 $19 48. Rb2 (48. Rd2 Kc4 49. Rf2) 48... f4 49. Bd2 Ra1+ 50. Kf2 Rf1+ 51. Kg2 e4 {[%emt 0:00:
00] ( -> ...f3+)} 52. Rb8 f3+ 53. Kg3 Rg1+ {[%emt 0:00:00] Weighted Error Value: White=0.53/Black=0.
04 (flawless)} ({Worse is} 53... f2 54. Be3 $11) 0-1

[Event "44th Chess Olympiad Women 2022"]
[Site "Chennai"]
[Date "2022.07.29"]
[Round "1.6"]
[White "Balajayeva, Khanim"]
[Black "Al Mansouri, Moza"]
[Result "1-0"]
[WhiteElo "2344"]
[BlackElo "1606"]
[Annotator "TA"]
[PlyCount "105"]
[EventDate "2022.??.??"]
[TimeControl "60"]

1. e4 c5 2. c3 Nf6 3. e5 Nd5 4. d4 cxd4 5. Qxd4 e6 6. Nf3 Nc6 7. Qe4 f5 8. Qe2 Qc7 9. g3 Nde7 10. Na3 {[%emt 0:07:41] B22:
Sicilian: 2 c3.} Ng6 $1 11. Nb5 Qb8 12. Bf4 {[%emt 0:00:56] White has an edge.} Nxf4 13.
gxf4 {[%emt 0:00:03] Black should prevent 0-0-0.} a6 14. Nbd4 Nxd4 15. Nxd4 b5 {[%emt 0:
00:00] [#]} 16. Rg1 $146 {[%emt 0:05:04] aiming for Qh5+. White has some
pressure.} ({Predecessor:} 16. Bg2 Bb7 17. O-O Bxg2 18. Kxg2 Qb7+ 19. Qf3 Qxf3+
20. Kxf3 Be7 21. b4 Kf7 22. a4 {½-½ (30) Cunningham,R (2315)-Wolski,T (2320)
California 1997}) 16... g6 {[%emt 0:00:29] Prevents Qh5.} 17. h4 b4 18. c4 Qb6 19. O-O-O Bc5 20. Qd2 Bxd4 (20... Bb7 $11) 21. Qxd4 $16 Qxd4 22. Rxd4 Bb7 23. Bg2 Bxg2 24. Rxg2 $14 {[%emt 0:00:03] Endgame KRR-KRR} Ke7 {
[%emt 0:02:38] White stays focused until the end.} (24... a5 $14) 25. Kc2 $1
$16 a5 {[%emt 0:01:59] [#]} 26. Kb3 $1 Rhb8 {
[%emt 0:03:25] [#]} (26... Rhd8 $16) 27. Ka4 $1 $18 Rb7 28. Rg3 Rc8 (28... Kf7 $16
29. Rdd3 h5) 29. b3 Rc5 $2 (29... Kf7 30.
Rgd3 Ke7) 30. Rd6 Ra7 31. h5 Kf7 32. h6 Ke7 33. Rgd3 Rc8 34. Rb6 {[%emt 0:03:47] Prevents Rb8.}
Rca8 35. Rb5 Kd8 36. Rd6 Ke7 37. Rdb6 Kd8 38. Rb8+ Kc7 {[%emt 0:00:14] [#]} 39. R5b7+ Kc6 40. Rxa7 Rxa7 {[%emt 0:00:07] KR-KR}
(40... Rxb8 41. Kxa5 g5 42. fxg5 f4) 41. Rc8+ {[%emt 0:30:42] White is clearly
winning.} Kb6 42. Rg8 Kc6 43. Rg7 Ra8 44. Rxh7 d6 45. Re7 Rh8 46. h7 dxe5 47. fxe5 g5 48.
Rxe6+ Kd7 49. Rh6 g4 50. Kxa5 {[%emt 0:00:00] Hoping for Kb6.} f4 51. Kxb4 g3 52. fxg3 fxg3 53. Rg6 {[%emt 0:00:00] Weighted Error Value: White=0.18 (very
precise) /Black=0.32} 1-0

[Event "44th Chess Olympiad Women 2022"]
[Site "Chennai"]
[Date "2022.07.29"]
[Round "1.6"]
[White "Mammadova, Gulnar"]
[Black "Almaini, Aishah Sarhan"]
[Result "1-0"]
[WhiteElo "2380"]
[BlackElo "1615"]
[Annotator "TA"]
[PlyCount "41"]
[EventDate "2022.??.??"]
[TimeControl "60"]

1. e4 e5 2. Nf3 Nf6 3. Nxe5 d6 4. Nf3 Nxe4 5.
Nc3 Nf6 6. d4 Be7 7. Bd3 Bg4 {[%emt 0:05:37] C42: Petroff Defence: 3
Nxe5 and unusual White 3rd moves.} 8. h3 {[%emt 0:00:14] [#]} Bd7 $146 ({Predecessor:} 8... Bxf3 9. Qxf3 d5 10. O-O O-O 11. Bg5 c6 12.
Rfe1 Nbd7 13. Re2 Bd6 14. Nd1 Qb6 15. c3 {½-½ (40) Krzyzanowski,M (2514)
-Plat,V (2546) Legnica 2021}) 9. O-O O-O {[%emt 0:00:18]
White is slightly better.} 10. Ne2 c5 11. d5 b5 {[%emt 0:03:43] [#] ...c4 is the strong threat.} 12. b3 {
[%emt 0:01:52] Prevents c4.} Nxd5 (12... Na6 $14) 13. Be4 $16 ({Don't play} 13. Bxh7+ Kxh7 14. Qxd5 Na6 $14) 13... Nc7 14. Bxa8 {[%emt 0:01:26] White is more active.} Nxa8 15. Bf4 Qb6 16. Qd3 Rd8 (16... Be6 $16 17. a4 b4) 17. Nc3 {[%emt 0:02:00][%cal
Ye2c3,Yc3d5,Yd5e7] Hoping for Nd5.} Nc7 18. Rae1 $36 {[%emt 0:
04:04] Keeping Black busy.} Ne6 $2 (18... Be6 $16) 19. Nd5 $1
$18 Nxf4 20. Nxe7+ ({Weaker is} 20. Nxb6 Nxd3 21. Rxe7 axb6 $11) 20... Kh8 {[%emt 0:01:46] 
[#]} 21. Ng5 $1 {[%emt 0:01:03][%csl Yf7,Yh7] Weighted Error Value: White=0.07
(flawless) /Black=0.62} 1-0

[Event "44th Chess Olympiad Women 2022"]
[Site "Chennai"]
[Date "2022.07.29"]
[Round "1.6"]
[White "Rouda Essa, Alserkal"]
[Black "Fataliyeva, Ulviyya"]
[Result "0-1"]
[WhiteElo "1874"]
[BlackElo "2372"]
[Annotator "ChessBase"]
[PlyCount "65"]
[EventDate "2022.??.??"]
[TimeControl "60"]

1. e4 e6 2. d4 d5 3. Nd2 c5 4. Ngf3 Nc6 5. exd5 exd5 6. dxc5 Bxc5 7. Nb3 Bb6 8. Bg5 Nf6 9. Bd3 O-O 10. O-O Bg4 11. Be2 Re8 12. Nfd4 Bxe2 13. Nxe2 Qd6 14. Bf4 Qb4 15. Bg3 h5 16. c3 Qg4 17. Nf4 Qg5 18.
Nd2 Qh6 19. Nf3 Rad8 20. Nh3 Ne4 21. Bf4 Qg6 22. Nd4 Nxd4 23.
cxd4 Nf6 24. a4 a6 25. Ra3 Qg4 26. Qd2 Re4 27. Rd3 Qe2 28. Qc3 Rde8 29. Be3 Ba5 30. Qb3 Ng4 31. Nf4 Rxf4 32. Qxd5 Qxd3 33. Qxa5 0-1

[Event "44th Chess Olympiad Women 2022"]
[Site "Chennai"]
[Date "2022.07.29"]
[Round "1.7"]
[White "Abrahamyan, Tatev"]
[Black "Alvarado Perez, Coralys M."]
[Result "1-0"]
[WhiteElo "2291"]
[BlackElo "1471"]
[Annotator "NA"]
[PlyCount "51"]
[EventDate "2022.??.??"]
[TimeControl "60"]

1. e4 d5 2. exd5 Qxd5 3. Nc3 Qe5+ 4. Be2 c6 5. d4 Qc7 6. Nf3 Bf5 7. Ne5 Nd7 8. Bf4 Nxe5 9. Bxe5 Qd7 10. d5 e6 11. dxc6 Qxd1+ 12. Rxd1 bxc6 13. Nb5 Bb4+ 14. c3 cxb5 15. Bxg7 Bxc3+ 16. bxc3 f6 17. Bxh8 Kf7 18. g4 Be4 19. f3 Bc6 20. g5 fxg5 21. Rg1 Ne7 22. Bd4 Rg8 23.
Bxa7 Nf5 24. Bc5 h6 25. f4 gxf4 26. Bh5+ 1-0

[Event "44th Chess Olympiad Women 2022"]
[Site "Chennai"]
[Date "2022.07.29"]
[Round "1.7"]
[White "Comas Colon, Rinelly M."]
[Black "Zatonskih, Anna"]
[Result "0-1"]
[WhiteElo "1585"]
[BlackElo "2383"]
[Annotator "TA"]
[PlyCount "120"]
[EventDate "2022.??.??"]
[TimeControl "60"]

1. c4 e5 2. Nc3 Nf6 3. e4 Bc5 4. g3 Nc6 5. Bg2 O-O 6. h3 {
[%emt 0:07:49] A25: English Opening vs King's Indian with ...Nc6 but without
early d3.} d6 7. d3 Nd4 8.
Nge2 {[%emt 0:03:13] The position is equal.} c6 {[%emt 0:00:50] [#]} 9. a3 $146 ({Predecessor:} 9. O-O a6 10. Kh2 b5 11. f4 Nd7 12. f5 Nb6 13.
cxb5 axb5 14. Nxd4 Bxd4 15. f6 Bxc3 16. bxc3 gxf6 {0-1 (37) Urbanc,P (2278)
-Muha,M (2252) Topusko 2017}) 9... Nxe2 10. Qxe2 Re8 11. Be3 Be6 12. O-O Bd4 13. Qd2 Bxe3 14. Qxe3 Qd7 15. Kh2 d5 16. cxd5 (16. exd5 {looks sharper.} cxd5
17. cxd5 Bxd5 18. Nxd5 Nxd5 19. Qc5) 16... cxd5 17. Nxd5 (17. exd5 {feels hotter.} Bxd5 18. Nxd5 Nxd5 19. Qc5) 17...
Nxd5 18. exd5 Bxd5 19. Bxd5 Qxd5 20. Qe4 Rad8 21. Rad1 g6 22. Rfe1 Qb3 23. Qe2 Re6 {[%emt 0:00:41][%cal Ye8e6,
Ye6d6,Yd6d5,Yd5d4] Black is more active.} 24. Rd2 Rd4 25. Rc1 Qd5 26. Rc4 Rd6 27. Rxd4 (27. Rdc2 {seems wilder.
} b6 28. Rxd4 Qxd4 29. Rc7) 27... Qxd4 $11 {[%emt 0:00:01] Endgame KQR-KQR} 28.
f3 {[%emt 0:02:46] Inhibits e4.} (28. Rc2 $11) 28... Kg7 $15 29. Kg2 Rd5 30. Qe4 Qc5 31. b4 Qd6 32. Kf2 b6 33. h4 Rd4 34.
Qe3 h5 35. Ke2 $1 Rd5 36. Rc2 a5 37. Rc4 axb4 (37... Qe6 $15) 38. axb4 $11 Qe6 39. f4 (39. Qe4 $11 {remains equal.}) 39...
Qg4+ 40. Kd2 exf4 $1 41.
Rxf4 Qd7 42. Re4 Qa7 43. Rc4 Qa2+ 44. Rc2 Qb3 45. Qe4 Rd8 46. Qe5+ Kg8 47. Qe4 b5 48. Rc3 Qb2+ 49. Rc2 Qf6 {[%emt 0:00:00] And now ...Qf2+ would win.} 50. Qe3 {
[%emt 0:00:00] Prevents Qf2+.} (50. Rc5 $17) 50... Rd6 (50...
Rd5 $19 {is more deadly.} 51. Rc8+ Kh7) 51. Rc8+ $17 Kg7 {
[%emt 0:00:00] Strongly threatening ...Qb2+.} 52. Rc2 {[%emt 0:00:00] Against
Qb2} (52. Qf4 $17 {keeps fighting.}) 52... Rd4 $2 (52... Rd5
$19 {and Black stays clearly on top. ...Re5 is the strong threat.} 53. Rc5 Qb2+
54. Kd1 Rd6 55. Qe5+ Qxe5 56. Rxe5 Rxd3+ 57. Kc2 Rxg3 58. Rxb5 Rg4) 53. Rc6 Rxd3+ $1 ({But not} 53... Qxc6 $6 54. Qxd4+ f6
55. Qc5 Qg2+ 56. Kc3 $11) 54. Kxd3 $2 (54. Qxd3 $17 Qxc6 55.
Qd4+ f6 56. Qc5 Qd7+ 57. Kc2) 54... Qxc6 {[%emt 0:00:02] KQ-KQ} 55. Qd4+ Kg8 $2 ({Black should try} 55... Qf6 $1 $19 {
[%cal Rf6d4] Hoping for ...Qxd4+.} 56. Qe3 Qd6+ 57. Kc3 Kf6 58. Qg5+ Ke6 59.
Qxb5 Qxg3+ 60. Kc2 Qh2+ 61. Kd3 Qxh4 62. Qc6+ Ke7 63. Qc7+ Ke8 64. Qc6+ Kf8)
56. Qd8+ $11 Kh7 57. Qe7 $2 (57. Qf8 $1 $11 {and White stays safe.}) 57... Qc4+ ({Black
should play} 57... Kg7 $1 $19 {White must now prevent ...Qc4+.} 58. Qe5+ Kf8)
58. Ke3 $17 Kg7 {[%emt 0:00:32] Prevents Qf8+.} (58... Qc3+
$17 59. Ke2 Kg7) 59. Qd6 {[%emt 0:01:11] [#]} (59. Qe5+ $15 Kh7 60. Qd6) 59...
Qc3+ (59... Qg4 $1 $17) 60. Kf4 $2 {[%emt 0:00:41] [#]} (60.
Ke4 $11) 60... Qf6+ $1 {[%emt 0:00:45] Weighted Error Value: White=0.38/
Black=0.32} 0-1

[Event "44th Chess Olympiad Women 2022"]
[Site "Chennai"]
[Date "2022.07.29"]
[Round "1.7"]
[White "Krush, Irina"]
[Black "Vega Jimenez, Keyshla M."]
[Result "1-0"]
[WhiteElo "2430"]
[BlackElo "1653"]
[Annotator "TA"]
[PlyCount "53"]
[EventDate "2022.??.??"]
[TimeControl "60"]

1. e4 e5 2. Nf3 Nc6 3. Bb5 a6 4. Ba4 Nf6 5. O-O d6 6. c3 b5 7. Bc2 Be7 8. Re1 O-O 9. h3 Re8 10. d4 exd4 11. cxd4 Bd7 12.
Nc3 h6 13. Bf4 {[%emt 0:02:22] [#] C87:
Closed Ruy Lopez: Steinitz-type lines after 6 Re1 d6.} (13. e5 $142 Nh7 14. Be3
(14. Qd3 Nf8 $16)) 13... Nb4 $146 ({Predecessor:} 13... Bf8
14. Qd2 Ne7 15. Rad1 Bc6 16. b4 Bb7 17. Rc1 Ng6 18. Bg3 Qd7 19. Nh4 Ne7 {
1-0 (96) Santos Burkholz,M (1471)-Franco Rincon,D (1728) Madrid 2016}) 14. Bb3 c5 15. a3 {[%emt 0:01:02] White is better.}
Nc6 (15... cxd4 $142 16. Nxd4 (16. axb4 dxc3 17. bxc3 Be6 $16)
16... Nc6) 16. d5 (16. dxc5 $16 dxc5 17. e5) 16... Na5 $14 17. Bc2 Bf8 18. e5 dxe5 19. Nxe5 ({Of course not} 19.
Bxe5 Nc4 $15) 19... Rc8 ({Better is} 19... Nb7) 20. Qd3 $16 c4 21. Qg3 {[%emt 0:02:24] And now Bxh6 would
win.} Nh5 {[%emt 0:05:31] [#]} 22. Qf3 {[%emt 0:00:12] White is much more
active.} Nf6 23. Rad1 $40 {[%emt 0:06:28] Hoping for Bg3.
White has strong attack.} Qb6 $2 {[%emt 0:05:01] This costs Black the game.} (
23... Nb7 $16 24. Re2 Nc5) 24. Nxd7 $18 Nxd7 25. Bf5 {[%emt 0:00:10] This bishop pair is nice.} Rxe1+ 26.
Rxe1 Rd8 27. Qg3 {[%emt 0:04:41] Weighted
Error Value: White=0.20 (precise) /Black=0.27 (precise)} 1-0